 Dungeon Crawl Stone Soup version 0.22-a0-422-g9628fc8 (webtiles) character file.

5700 KristoblXynda the Zephyrmancer (level 10, -6/69 HPs)
             Began as a Green Draconian Air Elementalist on May 16, 2018.
             Was a Priest of Vehumet.
             Mangled by a chaos spawn (11 damage)
             ... on level 10 of the Dungeon.
             The game lasted 00:55:24 (11837 turns).

KristoblXynda the Zephyrmancer (DrAE)              Turns: 11837, Time: 00:55:26

Health: -6/69      AC: 10    Str:  7    XL:     10   Next: 48%
Magic:  22/22      EV: 13    Int: 17    God:    Vehumet [***...]
Gold:   474        SH:  0    Dex: 21    Spells: 12/26 levels left

rFire    . . .     SeeInvis +   t - +3 long sword of Thoughtfulness {venom, Str-4 Dex+5}
rCold    . . .     Gourm    .   (no shield)
rNeg     . . .     Faith    .   (armour unavailable)
rPois    +         Spirit   .   (helmet restricted)
rElec    .         Reflect  .   i - +0 cloak
rCorr    .         Harm     .   x - +1 pair of gloves
MR       .....                  (no boots)
Stlth    ++........             (no amulet)
HPRegen  0.21/turn              j - ring of see invisible
MPRegen  0.18/turn              w - +3 ring of dexterity

@: slowed, very slow
A: breathe noxious fumes, unfitting armour, blink, poison resistance, wild magic
1, cold-blooded, AC +7
a: Breathe Noxious Fumes, Blink, Renounce Religion


You were on level 10 of the Dungeon.
You worshipped Vehumet.
Vehumet was most pleased with you.
You were not hungry.

You visited 3 branches of the dungeon, and saw 12 of its levels.

You collected 474 gold pieces.

Inventory:

Hand Weapons
 k - a +4 quarterstaff of chaos
 t - the +3 long sword of Thoughtfulness (weapon) {venom, Str-4 Dex+5}
   (You found it on level 6 of the Dungeon)

   It poisons the flesh of those it strikes.
   It affects your strength (-4).
   It affects your dexterity (+5).
Missiles
 r - a throwing net (quivered)
Armour
 i - a +0 cloak (worn)
 x - a +1 pair of gloves (worn)
Jewellery
 j - a ring of see invisible (left hand)
 w - a +3 ring of dexterity (right hand)
Wands
 o - a wand of digging (13)
 s - a wand of acid (12)
Scrolls
 a - 12 scrolls of teleportation
 c - 2 scrolls of fog
 f - a scroll of blinking {unknown}
 h - 3 scrolls of remove curse
 m - a scroll of immolation {unknown}
 n - a scroll of magic mapping {unknown}
 p - 4 scrolls of enchant armour
 u - 2 scrolls of identify
Potions
 d - a potion of resistance
 e - 2 potions of brilliance
 g - 3 potions of agility
 l - 2 potions of curing
 z - 2 potions of might
Comestibles
 b - 20 rations


   Skills:
 - Level 1.7 Dodging
 - Level 1.7 Stealth
 + Level 8.6 Spellcasting
 + Level 9.1 Conjurations
 * Level 9.7 Air Magic


You had 12 spell levels left.
You knew the following spells:

 Your Spells              Type           Power        Failure   Level  Hunger
a - Summon Lightning Spi  Summ/Air       ####....     19%         4    ###....
b - Swiftness             Chrm/Air       ####....     3%          2    None
c - Mephitic Cloud        Conj/Pois/Air  #####...     1%          3    #......
d - Lightning Bolt        Conj/Air       ######....   2%          5    #####..

Your spell library contained the following spells:

 Spells                   Type           Power        Failure   Level  Hunger
 Cause Fear               Hex            #.........   77%         4    ###....
 Apportation              Tloc           #.....       14%         1    None
 Slow                     Hex            #.......     22%         2    None
 Summon Small Mammal      Summ           #...         14%         1    None
 Animate Skeleton         Necr           N/A          14%         1    None
 Summon Ice Beast         Ice/Summ       #.......     77%         4    ###....
 Call Imp                 Summ           #.......     22%         2    None
 Shock                    Conj/Air       ####         1%          1    None
 Airstrike                Air            ######....   1%          4    ###....
 Confusing Touch          Hex            #.....       14%         1    None
 Call Canine Familiar     Summ           #.......     38%         3    #......
 Static Discharge         Conj/Air       ######..     1%          3    #......
 Corona                   Hex            #......      14%         1    None
 Portal Projectile        Hex/Tloc       #.....       38%         3    #......
 Leda's Liquefaction      Hex/Erth       #.........   77%         4    ###....
 Inner Flame              Hex/Fire       #.......     11%         3    #......
 Summon Guardian Golem    Hex/Summ       #.......     38%         3    #......


Dungeon Overview and Level Annotations

Branches:
Dungeon (10/15)            Temple (1/1) D:4            Lair (0/6) D:9
    Orc (1/2) D:9

Altars:
Ashenzari
Cheibriados
Dithmenos
Elyvilon
Fedhas
Gozag
Hepliaklqana
Kikubaaqudgha
Makhleb
Nemelex Xobeh
Okawaru
Qazlal
Ru
Sif Muna
Trog
Uskayaw
Vehumet
Wu Jian
Xom
Zin
The Shining One

Shops:
D:7 *

Annotations:
D:3 Gorice's ghost, amateur DEWn


Innate Abilities, Weirdness & Mutations

You can breathe blasts of noxious fumes.
Your lurid green scales are hard. (AC +7)
You cannot fit into any form of body armour.
Your system is resistant to poisons. (rPois)
You are cold-blooded and may be slowed by cold attacks.
You can translocate small distances at will.
Your spells are a little harder to cast, but a little more powerful.


Message History

You barely miss the chaos spawn.
You tail-slap the chaos spawn, but do no damage.
The chaos spawn is heavily wounded.
The chaos spawn gores you! The chaos spawn shocks you!
The chaos spawn closely misses you.
You hit the chaos spawn but do no damage.
The chaos spawn looks as sick as possible!
Your tail-slap misses the chaos spawn.
The chaos spawn is heavily wounded.
The chaos spawn gores you. The chaos spawn shocks you!
The chaos spawn closely misses you.
Unknown command.
You hit the chaos spawn but do no damage.
The chaos spawn looks as sick as possible!
The chaos spawn is severely wounded.
The chaos spawn gores you. The chaos spawn shocks you!
The chaos spawn gores you!
* * * LOW HITPOINT WARNING * * *
Space warps horribly around you!
You die...

.≈#+... ..⌠#.#.
.
...≈...######..
..⌠............
..............#
##............#
......4.......#
#.....@......#
#..........###
............#
............#
#############


You could see a chaos spawn.

Vanquished Creatures
  A two-headed ogre (D:8)
  An orc sorcerer (D:9)
  A troll (D:9)
  The ghost of Steelmeadow the Conjurer, an amateur DrWz (D:5)
  A hippogriff (D:8)
  Sigmund (D:4)
  Duvessa (D:4)
  2 ice beasts
  4 orc warriors
  2 necrophages
  3 sky beasts
  4 ogres
  A phantom (D:9)
  2 centaurs (D:7)
  2 bullfrogs
  Dowan (D:4)
  A wyvern skeleton (D:8)
  3 scorpions
  3 killer bees (D:7)
  3 wights (D:7)
  A howler monkey (D:5)
  4 crimson imps
  3 hounds
  2 quasits
  A gnoll shaman (D:6)
  4 jellies
  5 orc priests
  9 orc wizards
  Crazy Yiuf (D:2)
  A bullfrog skeleton (D:8)
  A centaur skeleton (D:6)
  2 iguanas (D:4)
  Natasha (thrice) (D:2 D:3)
  6 worker ants
  A hound zombie (D:7)
  3 hound skeletons
  A worker ant zombie (D:8)
  5 gnolls (D:6)
  14 adders
  3 shadow imps
  2 adder skeletons
  2 adder zombies (D:5)
  5 worms
  A dart slug (D:5)
  6 leopard geckos
  32 orcs
  8 giant cockroaches
  5 goblins
  6 hobgoblins
  8 jackals
  6 kobolds
  5 quokkas
  3 ball pythons
  6 bats
  4 frilled lizards
  A jackal skeleton (D:5)
  A jackal zombie (D:9)
  A leopard gecko skeleton (D:2)
  7 rats
  A butterfly (D:7)
  A fungus (D:2)
219 creatures vanquished.

Vanquished Creatures (collateral kills)
  A killer bee (D:7)
1 creature vanquished.

Grand Total: 220 creatures vanquished

Notes
Turn   | Place    | Note
-------+----------+-------------------------------------------
     0 | D:1      | KristoblXynda the Draconian Air Elementalist began the quest for the Orb.
     0 | D:1      | Reached XP level 1. HP: 14/14 MP: 3/3
   349 | D:1      | Reached XP level 2. HP: 14/20 MP: 1/5
  1202 | D:1      | Reached XP level 3. HP: 26/26 MP: 3/6
  1646 | D:2      | Learned a level 2 spell: Swiftness
  1782 | D:2      | Noticed Natasha
  1790 | D:2      | Killed Natasha
  1790 | D:2      | Reached XP level 4. HP: 10/33 MP: 0/8
  2729 | D:2      | Found a runed door.
  2733 | D:2      | Noticed Crazy Yiuf
  2738 | D:2      | Killed Crazy Yiuf
  2738 | D:2      | Reached XP level 5. HP: 38/38 MP: 3/9
  2887 | D:3      | Noticed Natasha
  2906 | D:3      | Killed Natasha
  3023 | D:3      | Noticed Natasha
  3047 | D:3      | Killed Natasha
  3374 | D:3      | Noticed Gorice's ghost (amateur DEWn)
  3398 | D:3      | Reached XP level 6. HP: 41/45 MP: 7/11
  3437 | D:3      | Gained mutation: Your tail ends in a poisonous barb. [potion of mutation]
  3437 | D:3      | Gained mutation: You expend magic power (3 MP) to strengthen your wands. [potion of mutation]
  3437 | D:3      | Gained mutation: You are resistant to hostile enchantments. (MR+) [potion of mutation]
  4274 | D:4      | Reached skill level 5 in Air Magic
  4288 | D:4      | Found a staircase to the Ecumenical Temple.
  4329 | Temple   | Entered the Ecumenical Temple
  4402 | Temple   | Became a worshipper of Vehumet
  4515 | D:4      | Noticed Sigmund
  4519 | D:4      | Killed Sigmund
  4519 | D:4      | Your scales start taking on a lurid green colour.
  4519 | D:4      | Reached XP level 7. HP: 50/50 MP: 13/13
  4519 | D:4      | Gained mutation: Your system is resistant to poisons. (rPois) [Green Draconian growth]
  4652 | D:4      | Noticed Duvessa
  4675 | D:4      | Noticed Dowan
  4686 | D:4      | Found an iron altar of Okawaru.
  4694 | D:4      | Killed Duvessa
  4701 | D:4      | Killed Dowan
  4954 | D:4      | Reached skill level 5 in Spellcasting
  4954 | D:4      | Reached skill level 5 in Conjurations
  5331 | D:5      | Entered Level 5 of the Dungeon
  5445 | D:5      | Reached XP level 8. HP: 57/57 MP: 6/15
  5450 | D:5      | Lost mutation: Your tail ends in a poisonous barb. [potion of mutation]
  5450 | D:5      | Lost mutation: You expend magic power (3 MP) to strengthen your wands. [potion of mutation]
  5450 | D:5      | Lost mutation: You are resistant to hostile enchantments. (MR+) [potion of mutation]
  5450 | D:5      | Gained mutation: You expend magic power (3 MP) to strengthen your wands. [potion of mutation]
  5450 | D:5      | Gained mutation: You tend to lose your temper in combat. [potion of mutation]
  5450 | D:5      | Gained mutation: Your spells are a little harder to cast, but a little more powerful. [potion of mutation]
  5451 | D:5      | Lost mutation: You tend to lose your temper in combat. [potion of mutation]
  5451 | D:5      | Lost mutation: You expend magic power (3 MP) to strengthen your wands. [potion of mutation]
  5451 | D:5      | Lost mutation: Your spells are a little harder to cast, but a little more powerful. [potion of mutation]
  5451 | D:5      | Gained mutation: Your spells are a little harder to cast, but a little more powerful. [potion of mutation]
  5451 | D:5      | Gained mutation: You can translocate small distances at will. [potion of mutation]
  5641 | D:5      | Noticed Steelmeadow's ghost (amateur DrWz)
  5672 | D:5      | Killed Steelmeadow's ghost
  5672 | D:5      | Reached * piety under Vehumet
  5672 | D:5      | Offered knowledge of Sandblast by Vehumet.
  7072 | D:6      | Got a fine long sword
  7075 | D:6      | Identified the +3 long sword of Thoughtfulness {venom, Str-4 Dex+5} (You found it on level 6 of the Dungeon)
  7500 | D:6      | Found a sacrificial altar of Ru.
  7550 | D:7      | Found a shimmering altar of Xom.
  7562 | D:7      | Reached XP level 9. HP: 37/62 MP: 18/18
  8020 | D:7      | Noticed a dagger
  8020 | D:7      | Noticed a dagger
  8021 | D:7      | Found a hide-covered altar of Uskayaw.
  8028 | D:7      | Offered knowledge of Searing Ray by Vehumet.
  8118 | D:7      | Found a glowing golden altar of the Shining One.
  8118 | D:7      | Found a glowing silver altar of Zin.
  8120 | D:7      | Found a white marble altar of Elyvilon.
  8145 | D:7      | Found a shadowy altar of Dithmenos.
  8155 | D:7      | Found a sacrificial altar of Ru.
  8204 | D:7      | Found Coethos's General Store.
  8211 | D:7      | Reached ** piety under Vehumet
  8615 | D:8      | Found a blossoming altar of Fedhas.
  8923 | D:8      | Offered knowledge of Mephitic Cloud by Vehumet.
  9126 | D:8      | Learned a level 3 spell: Mephitic Cloud
  9205 | D:8      | Noticed a two-headed ogre
  9224 | D:8      | Killed a two-headed ogre
  9224 | D:8      | Reached XP level 10. HP: 39/69 MP: 20/22
  9412 | D:8      | Found a deep blue altar of Sif Muna.
  9447 | D:8      | Reached *** piety under Vehumet
  9677 | D:8      | Learned a level 5 spell: Lightning Bolt
 10262 | D:9      | Found a staircase to the Orcish Mines.
 10332 | D:9      | Learned a level 4 spell: Summon Lightning Spire
 10341 | D:9      | Found a staircase to the Lair.
 11522 | Orc:1    | Entered Level 1 of the Orcish Mines
 11522 | Orc:1    | Noticed an orc sorcerer
 11538 | D:9      | Killed an orc sorcerer
 11827 | D:10     | Entered Level 10 of the Dungeon
 11837 | D:10     | Mangled by a chaos spawn

Vault maps used:
D:1:      dpeg_arrival_rooms_a
D:2:      first_ration, minmay_misc_feat_rows, st_stairs_14,
          minmay_pentomino_u2, uniq_natasha, uniq_crazy_yiuf_cottage
D:3:      overflow_temple_1_default
D:4:      minmay_temple_entry_junction, okawaru_gym_becter, uniq_duvessa,
          uniq_sigmund
D:6:      nicolae_ru_path_of_blood
D:7:      good_gods_mini_temple, xom_butterflies, dancing_weapons_uskayaw,
          amethyst_overflow_temple_binary, serial_shops, kennysheep_mini_moat,
          grunt_ogre_cave
D:8:      led_sif_pool, fedhas_altar_2
D:9:      dpeg_oklobed_lair, david_orc_3
D:10:     minmay_guarded_unrand_variability
Temple:   minmay_temple_bridge_abc
Orc:1:    basic_altar, nicolae_alphabet_shops, library_closet, mines4_lemuel,
          uniq_erica

Skill      XL: |  1  2  3  4  5  6  7  8  9 10 |
---------------+-------------------------------+-----
Conjurations   | 2 3 4 5 6 8 9 |  9.1
Spellcasting   | 3 4 5 6 8 |  8.6
Air Magic      | 4 5 6 7 9 |  9.7
Dodging        | |  1.7
Stealth        | |  1.7

Action                   |  1- 3 |  4- 6 |  7- 9 | 10-12 || total
-------------------------+-------+-------+-------+-------++-------
Melee: Unarmed           |    40 |       |       |       ||    40
       Tailslap          |     5 |     6 |    37 |    16 ||    64
       Dagger            |    19 |    41 |       |       ||    60
       Quarterstaff      |       |    24 |    88 |       ||   112
       Mace              |       |     1 |       |       ||     1
       Long sword        |       |       |   105 |    79 ||   184
 Cast: Shock             |    62 |   124 |   182 |    43 ||   411
       Mephitic Cloud    |       |       |       |     2 ||     2
 Abil: Breathe Noxious F |       |       |     5 |     5 ||    10
Evoke: Wand              |       |       |     1 |       ||     1
  Use: Scroll            |       |     3 |     4 |     5 ||    12
       Potion            |       |     3 |     5 |       ||     8
 Stab: Sleeping          |     1 |     3 |     5 |     2 ||    11
       Confused          |       |       |     3 |     1 ||     4
  Eat: Chunk             |     3 |     8 |    10 |     7 ||    28
       Ration            |       |       |     2 |     1 ||     3
Armor: Skin              |    32 |    36 |   149 |    39 ||   256
Dodge: Dodged            |    80 |    67 |   179 |    56 ||   382
       Rpst.: Long sword |       |       |    26 |    20 ||    46

Table legend:
 A = Spawn XP
 B = Non-spawn XP
 C = Spawn XP percentage of total XP
 D = Spawn monster count
 E = Non-spawn monster count
 F = Spawn count percentage of total count
 G = Total turns spent on level
                    A         B        C        D         E        F      G
               +---------+---------+-------+---------+---------+-------+---------
         Total |       0 |    8144 |   0.0 |       0 |     218 |   0.0 | 11837
               +---------+---------+-------+---------+---------+-------+---------
           D:1 |       0 |      46 |   0.0 |       0 |      26 |   0.0 |  1551
           D:2 |       0 |     167 |   0.0 |       0 |      24 |   0.0 |  1556
           D:3 |       0 |     204 |   0.0 |       0 |      23 |   0.0 |   956
           D:4 |       0 |     929 |   0.0 |       0 |      22 |   0.0 |  1171
           D:5 |       0 |     679 |   0.0 |       0 |      23 |   0.0 |  1263
           D:6 |       0 |     606 |   0.0 |       0 |      24 |   0.0 |   941
           D:7 |       0 |    1448 |   0.0 |       0 |      28 |   0.0 |  1049
           D:8 |       0 |    2214 |   0.0 |       0 |      29 |   0.0 |  1315
           D:9 |       0 |    1851 |   0.0 |       0 |      19 |   0.0 |  1920
               +---------+---------+-------+---------+---------+-------+---------
